 Dungeon Crawl Stone Soup version 0.19.5 (webtiles) character file.

133 McKennaii the Magician (level 4, -2/24 HPs)
             Began as a Deep Elf Fire Elementalist on May 16, 2017.
             Killed from afar by McKennaii's ghost (20 damage)
             ... with a flame tongue
             ... on level 3 of the Dungeon.
             The game lasted 00:04:37 (1910 turns).

McKennaii the Magician (Deep Elf Fire Elementalist) Turns: 1910, Time: 00:04:37

Health: -2/24      AC:  2    Str:  5    XL:     4   Next: 93%
Magic:  1/12       EV: 17    Int: 21    God:
Gold:   91         SH:  0    Dex: 15    Spells: 3 memorised, 6 levels left

rFire  . . .     SeeInvis .     (no weapon)
rCold  . . .     Gourm    .     a - +0 robe
rNeg   . . .     Faith    .     (no shield)
rPois  .         Spirit   .     (no helmet)
rElec  .         Reflect  .     (no cloak)
rCorr  .         Harm     .     (no gloves)
MR     .....                    (no boots)
Stlth  ++........               (no amulet)
                                (no ring)
                                v - +4 ring of evasion

@: no status effects
A: no striking features
a: no special abilities


You were on level 3 of the Dungeon.
You were not hungry.

You visited 1 branch of the dungeon, and saw 3 of its levels.

You collected 91 gold pieces.

Inventory:

Armour
 a - a +0 robe (worn)
Jewellery
 v - a +4 ring of evasion (left hand)
Wands
 t - a wand of flame (16/48)
 w - a wand of flame (15/48)
Scrolls
 d - 2 scrolls of recharging {unknown}
 e - 2 scrolls of teleportation {unknown}
 f - 5 scrolls of identify {unknown}
 h - 2 scrolls of magic mapping {unknown}
 j - 2 scrolls of enchant armour {unknown}
 p - a scroll of immolation {unknown}
 q - 2 scrolls of remove curse {unknown}
 r - a scroll of enchant weapon {unknown}
 s - a scroll of blinking {unknown}
Potions
 g - a potion of curing {unknown}
 i - a potion of haste {unknown}
 k - 2 potions of heal wounds {unknown}
 m - a potion of magic {unknown}
 n - a potion of brilliance {unknown}
 o - a potion of invisibility {unknown}
Books
 b - a book of Flames

   Spells                             Type                      Level
   a - Flame Tongue                   Conjuration/Fire             1
   b - Throw Flame                    Conjuration/Fire             2
   c - Conjure Flame                  Conjuration/Fire             3
   d - Inner Flame                    Hexes/Fire                   3
   e - Sticky Flame                   Conjuration/Fire             4
   f - Fireball                       Conjuration/Fire             5
Comestibles
 c - 4 bread rations
 l - 3 fruits
 u - 3 chunks of flesh


   Skills:
 + Level 2.5 Dodging
 + Level 2.7 Stealth
 + Level 4.9 Spellcasting
 + Level 2.1 Conjurations
 + Level 4.7 Fire Magic


You had 6 spell levels left.
You knew the following spells:

 Your Spells              Type           Power        Failure   Level  Hunger
a - Flame Tongue          Conj/Fire      ###..        2%          1    None
b - Throw Flame           Conj/Fire      ###...       4%          2    None
c - Conjure Flame         Conj/Fire      ###.....     10%         3    ##.....


Dungeon Overview and Level Annotations

Branches:
Dungeon (3/15)

Altars:
Okawaru

Annotations:
D:3 McKennaii's ghost, amateur DEFE


Message History

Casting: Flame Tongue
Confirm with . or Enter, or press ? or * to list all spells.
Aiming: Flame Tongue
Press: ? - help, Shift-Dir - straight line, f/p - orc
Aim: an orc, wielding a hand axe The flame tongue misses the orc.
Things that are here:
a dagger of venom; a robe; the human skeleton of Jessica
Casting: Flame Tongue
Confirm with . or Enter, or press ? or * to list all spells.
Aiming: Flame Tongue
Press: ? - help, Shift-Dir - straight line, f/p - orc
Aim: an orc, wielding a hand axe The flame tongue hits the orc.
You kill the orc!
You see here a leather armour.
McKennaii's ghost points at you and mumbles some strange words.
The flame tongue hits you!
Ouch! That really hurt!
You die...

...<..........#.#
....)..#....###..
........†##.# ##.#
.........##.# .##
........)...# ..#
#.......)...# #.#
#.........#.#####.#
.#........#...[##.#
.#....†#.##.##W.@.#
.......#)##.####..###
.......#..#.#
#....####
..........#.#
##......##
..........#.#
##..##..#
.......#....#
##.###)#
.....####...# #.###.#
..... .##
#.....#######
#####.......#


You could see McKennaii's ghost.

Vanquished Creatures
  Jessica (D:3)
  4 adders
  A worm (D:2)
  A dart slug (D:2)
  A leopard gecko (D:1)
  4 orcs (D:3)
  3 bats
  A giant cockroach (D:1)
  5 goblins
  8 hobgoblins
  8 kobolds
  2 quokkas (D:2)
  A ball python (D:1)
  4 frilled lizards
  22 rats
66 creatures vanquished.

Notes
Turn   | Place    | Note
-------+----------+-------------------------------------------
     0 | D:1      | McKennaii the Deep Elf Fire Elementalist began the quest for the Orb.
     0 | D:1      | Reached XP level 1. HP: 10/10 MP: 6/6
   171 | D:1      | Reached XP level 2. HP: 13/15 MP: 5/8
   773 | D:2      | Reached XP level 3. HP: 19/19 MP: 5/10
   803 | D:2      | Found an iron altar of Okawaru.
   889 | D:2      | Learned a level 2 spell: Throw Flame
   893 | D:2      | Learned a level 3 spell: Conjure Flame
  1362 | D:2      | Reached XP level 4. HP: 24/24 MP: 0/12
  1694 | D:3      | Noticed McKennaii's ghost (amateur DEFE)
  1765 | D:3      | Noticed Jessica
  1773 | D:3      | Killed Jessica
  1910 | D:3      | Killed from afar by McKennaii's ghost

Skill      XL: |  1  2  3  4 |
---------------+-------------+-----
Fire Magic     | 4 |  4.7
Spellcasting   | 4 |  4.9
Conjurations   | 2 |  2.1
Dodging        | |  2.5
Stealth        | |  2.7

Action                   |  1- 3 |  4- 6 || total
-------------------------+-------+-------++-------
Melee: Unarmed           |     1 |       ||     1
 Cast: Flame Tongue      |    79 |    37 ||   116
       Throw Flame       |     1 |     3 ||     4
  Eat: Chunk             |     1 |     2 ||     3
Armor: Robe              |     5 |     3 ||     8
Dodge: Dodged            |     9 |     9 ||    18
